 Dungeon Crawl Stone Soup version 0.27.1 (webtiles) character file.

Game seed: 14646941254611104141

3716 mediusvir the Cleaver (level 9, -4/82 HPs)
             Began as a Minotaur Berserker on Aug 31, 2021.
             Was a Priest of Trog.
             Succumbed to a killer bee's poison
             ... on level 10 of the Dungeon.
             The game lasted 00:31:47 (8546 turns).

mediusvir the Cleaver (Minotaur Berserker)          Turns: 8546, Time: 00:31:47

Health: -4/82      AC:  9    Str: 25    XL:     9   Next: 91%
Magic:  8/8        EV: 11    Int:  4    God:    Trog [***...]
Gold:   230        SH:  5    Dex: 10    Spells: 8/8 levels left

rFire    . . .     SeeInvis .   C - +1 war axe (freeze)
rCold    + . .     Faith    .   (no shield)
rNeg     . . .     Spirit   .   D - +1 scale mail {rC+}
rPois    .         Reflect  +   (helmet restricted)
rElec    .         Harm     .   (no cloak)
rCorr    .         Rampage  .   (no gloves)
Will     .....                  (no boots)
Stlth    ..........             H - amulet of reflection
HPRegen  0.23/turn              (no ring)
MPRegen  0.11/turn              (no ring)

@: lethally poisoned (-4 -> -27)
A: horns 2, retaliatory headbutt
a: Renounce Religion, Berserk, Trog's Hand


You were on level 10 of the Dungeon.
You worshipped Trog.
Trog was most pleased with you.
You visited 2 branches of the dungeon, and saw 10 of its levels.

You collected 360 gold pieces.
You spent 130 gold pieces at shops.

Inventory:

Hand Weapons
 a - a +0 mace
 w - a +0 shortbow
 C - a +1 war axe of freezing (weapon)
Missiles
 r - 110 arrows
 s - 40 poisoned darts
 E - 17 bolts
 G - a throwing net
Armour
 p - a +0 scale mail
 D - a +1 scale mail of cold resistance (worn)
Jewellery
 H - an amulet of reflection (around neck)
Wands
 e - a wand of paralysis (6) (quivered)
 n - a wand of flame (20)
Scrolls
 c - 2 scrolls of summoning {unknown}
 f - a scroll of immolation {unknown}
 g - a scroll of enchant weapon {unknown}
 h - 2 scrolls of magic mapping
 m - 2 scrolls of noise {unknown}
 o - a scroll of brand weapon {unknown}
 q - a scroll of holy word {unknown}
 t - 2 scrolls of teleportation {unknown}
 u - 7 scrolls of identify
 y - 2 scrolls of vulnerability {unknown}
 B - a scroll of fear {unknown}
Potions
 b - 3 potions of mutation {unknown}
 d - 2 potions of flight {unknown}
 i - a potion of might {unknown}
 j - 2 potions of brilliance {unknown}
 k - 2 potions of magic {unknown}
 l - a potion of haste {unknown}
 v - 2 potions of lignification {unknown}
 x - a potion of berserk rage {unknown}
 z - a potion of curing {unknown}
 A - 2 potions of attraction {unknown}
 F - a potion of heal wounds
 I - a potion of resistance {unknown}


   Skills:
 + Level 8.9 Fighting
 * Level 9.3(10.7) Axes
 - Level 8.6(10.4) Maces & Flails
 - Level 8.1 Armour
 - Level 4.0 Dodging
 - Level 0.3 Stealth
 + Level 0.2 Shields


You had 8 spell levels left.
You didn't know any spells.
Your spell library was empty.

Dungeon Overview and Level Annotations

Branches:
Dungeon (11/15)            Temple (1/1) D:6            Lair (0/6) D:10
    Orc: D:9-12

Altars:
Ashenzari
Dithmenos
Elyvilon
Fedhas
Gozag
Hepliaklqana
Kikubaaqudgha
Nemelex Xobeh
Okawaru
Qazlal
Ru
Sif Muna
Uskayaw
Vehumet
Xom
Yredelemnul
Zin
The Shining One

Shops:
D:1 !   D:6 *   D:7 [(?


Innate Abilities, Weirdness & Mutations

You have a pair of horns on your head.
You reflexively headbutt those who attack you in melee.


Message History

The killer bee poisons you! You block the killer bee's attack.
The wyvern bites you! x2
You climb downwards.
You feel very sick.
There is a stone staircase leading up, spattered with blood here.
Okay, then.
Aiming: Paralyse
Press: ? - help, Q - select action, (/) - cycle Shift-Dir - straight line, f - killer bee
Aim: a killer bee (chance to affect: 54%)
The wyvern resists with some effort.
You feel sick.
The killer bee misses you. x2; The wyvern barely misses you.
The killer bee stings you.
You are more poisoned.
The killer bee poisons you! You block the killer bee's attack.
You feel very sick. The killer bee stings you. x2
* * * LOW HITPOINT WARNING * * *
You are lethally poisoned!
The killer bee poisons you! The wyvern bites you.
* * * LOW HITPOINT WARNING * * *
The killer bee misses you. The killer bee completely misses you.
The wyvern bites you but does no damage.
You climb upwards.
The yak bellows! x3; The kobold demonologist shouts!
* * * LOW HITPOINT WARNING * * *
You feel extremely sick.
You hear a bellow!
The killer bee stings you.
* * * LOW HITPOINT WARNING * * *
You are more poisoned.
The killer bee poisons you!
The killer bee stings you but does no damage.
The killer bee stings you.
* * * LOW HITPOINT WARNING * * *
The troll bites you.
* * * LOW HITPOINT WARNING * * *
The troll claws you but does no damage. The troll closely misses you.
The yak barely misses you.
There is a stone staircase leading down, spattered with blood here.
You die...

. .. .#
.. .##
####y..##
#T@Yy...#
##yy...##
.ol..##
.....##
......#
Y..KY.##
.#..#....
.Y....##
....Y...
o.......
>....[..
.


You could see a kobold demonologist, 4 yaks, a troll, a wyvern, 4 killer bees,
an orc priest and an orc.

Vanquished Creatures
  2 death yaks (D:11)
  A kobold demonologist (D:6)
  A meliai zombie (D:11)
  A water moccasin (D:6)
  3 black bears
  2 ice beasts
  An ogre (D:4)
  3 centaurs
  A phantom (D:4)
  2 bullfrogs
  A scorpion (D:5)
  A water moccasin skeleton (D:5)
  2 killer bees (D:11)
  A wight (D:7)
  A bullfrog zombie (D:5)
  A hound (D:2)
  A bullfrog skeleton (D:5)
  3 jellies
  2 orc priests
  2 centaur skeletons
  Jessica (D:2)
  Natasha (D:2)
  3 iguanas
  Terence (D:2)
  An orc wizard (D:5)
  A killer bee zombie (D:7)
  7 gnolls
  7 adders
  2 white imps
  An adder skeleton (D:4)
  4 worms (D:2)
  3 dart slugs
  14 orcs
  9 endoplasms
  3 giant cockroaches (D:1)
  4 goblins
  10 hobgoblins
  5 quokkas (D:1)
  11 ball pythons
  3 bats
  3 frilled lizards
  5 kobolds
  2 quokka skeletons (D:4)
  7 rats
  2 butterflies (D:3)
142 creatures vanquished.

Vanquished Creatures (others)
  2 plants (D:3)
2 creatures vanquished.

Grand Total: 144 creatures vanquished

Notes
Turn   | Place    | Note
-------+----------+-------------------------------------------
     0 | D:1      | mediusvir the Minotaur Berserker began the quest for the
                  | Orb.
     0 | D:1      | Reached XP level 1. HP: 19/19 MP: 0/0
   506 | D:1      | Reached XP level 2. HP: 27/27 MP: 1/1
   724 | D:1      | Found a faded altar of an unknown god.
   874 | D:1      | Reached ** piety under Trog
   875 | D:1      | Reached XP level 3. HP: 32/33 MP: 2/2
   975 | D:1      | Found Zysuygah's Distillery.
  1586 | D:2      | Noticed Jessica
  1597 | D:2      | Killed Jessica
  1598 | D:2      | Reached XP level 4. HP: 40/41 MP: 3/3
  1781 | D:2      | Reached skill level 5 in Maces & Flails
  1909 | D:2      | Noticed Terence
  1926 | D:2      | Killed Terence
  1927 | D:2      | Reached XP level 5. HP: 16/47 MP: 4/4
  2487 | D:2      | Noticed Natasha
  2497 | D:2      | Killed Natasha
  3623 | D:4      | Noticed a centaur
  4001 | D:4      | Reached *** piety under Trog
  4203 | D:4      | Reached XP level 6. HP: 55/55 MP: 5/5
  4297 | D:4      | Paralysed by a centaur for 7 turns
  4312 | D:4      | Reached skill level 5 in Fighting
  4684 | D:4      | Reached skill level 5 in Armour
  4886 | D:4      | Reached XP level 7. HP: 42/61 MP: 6/6
  5086 | D:5      | Entered Level 5 of the Dungeon
  5428 | D:5      | Reached XP level 8. HP: 49/71 MP: 7/7
  6724 | D:6      | Noticed a kobold demonologist
  6734 | D:6      | Noticed an orange demon
  6745 | D:6      | Killed a kobold demonologist
  6871 | D:6      | Found a radiant altar of Vehumet.
  6873 | D:6      | Found Ymaatsoe's Assorted Antiques.
  6964 | D:6      | Reached skill level 1 in Axes
  7016 | D:6      | Found a staircase to the Ecumenical Temple.
  7034 | Temple   | Entered the Ecumenical Temple
  7223 | D:6      | Reached skill level 2 in Axes
  7465 | D:6      | Reached skill level 3 in Axes
  7584 | D:7      | Found Mitamil's Antique Weapon Shop.
  7603 | D:7      | Reached XP level 9. HP: 70/79 MP: 8/8
  7617 | D:7      | Found Daybobloat's Antique Armour Shoppe.
  7631 | D:7      | Reached skill level 4 in Axes
  7859 | D:7      | Found Qaw Xini's Magic Scroll Boutique.
  7976 | D:7      | Bought a scroll of identify for 26 gold pieces
  7976 | D:7      | Bought a scroll of identify for 26 gold pieces
  7976 | D:7      | Bought a scroll of identify for 26 gold pieces
  7976 | D:7      | Bought a scroll of identify for 26 gold pieces
  7976 | D:7      | Bought a scroll of identify for 26 gold pieces
  7976 | D:7      | You fall into a shaft and drop 3 floors!
  7976 | D:10     | Entered Level 10 of the Dungeon
  7976 | D:10     | Noticed a death yak
  7976 | D:10     | Found a staircase to the Lair.
  7977 | D:10     | Noticed a death yak
  7987 | D:11     | Killed a death yak
  7988 | D:11     | Reached skill level 7 in Axes
  8161 | D:11     | Killed a death yak
  8162 | D:11     | Reached skill level 9 in Axes
  8521 | D:10     | Noticed a troll
  8545 | D:10     | Noticed a kobold demonologist
  8545 | D:10     | HP: 1/82 [troll (5)]
  8546 | D:10     | Succumbed to a killer bee's poison

Illustrated notes

Levels and vault maps discovered:
D:1:      dpeg_arrival_rooms_a, layout_loops_ring, serial_shops, shop,
          hellmonk_ecumenical_altar_leap_of_faith
D:2:      layout_loops_corners, uniq_natasha, uniq_terence, uniq_jessica
D:3:      layout_basic, hangedman_glass_garden
D:4:      layout_loops_corners, amcnicky_mini_rare_corridor_liquid, st_stairs_10
D:5:      layout_basic, minmay_misc_feat_iff
D:6:      layout_basic, fiery_altar_vehumet, temple_green, serial_shops,
          nicolae_shop_statue_plus
D:7:      layout_gridville, serial_shops, shop, shop, nicolae_diamond_shop,
          nicolae_lakefront_shop, minmay_ruined_shrine
D:10:     layout_cave_pools, dpeg_lair_monsters, uniq_nergalle, uniq_erolcha
D:11:     layout_stronghold, nicolae_elyvilon_peaceful_grove
Temple:   compressed_dpeg_triangle_lava_temple

Skill      XL: |  1  2  3  4  5  6  7  8  9 |
---------------+----------------------------+-----
Fighting       | 4 5 6 7 8 |  8.9
Maces & Flails | 4 5 7 8 |  8.6
Armour         | 3 4 5 6 8 |  8.1
Dodging        | 3 4 |  4.0
Axes           | 3 9 |  9.3
Stealth        | |  0.3
Shields        | |  0.2

Action                   |  1- 3 |  4- 6 |  7- 9 || total
-------------------------+-------+-------+-------++-------
Melee: Mace              |    75 |   153 |   113 ||   341
       Headbutt          |    13 |    19 |    45 ||    77
       War axe           |       |       |    55 ||    55
Invok: Berserk           |     1 |     6 |     5 ||    12
       Trog's Hand       |       |     2 |     2 ||     4
Evoke: Wand              |       |       |     1 ||     1
  Use: Scroll            |       |     1 |       ||     1
       Potion            |       |       |     1 ||     1
Armor: Ring mail         |    33 |     4 |       ||    37
       Scale mail        |       |    65 |    83 ||   148
Dodge: Dodged            |    40 |    91 |   121 ||   252
Block: Other             |       |       |    12 ||    12
